 Dungeon Crawl Stone Soup version 0.24.0-1-gfbc8707 (webtiles) character file.

Game seed: 18109002290672216343, levelgen mode: deterministic

528 Copingsaw the Chopper (level 7, -8/52 HPs)
             Began as a Formicid Fighter on Nov 6, 2019.
             Mangled by a large abomination (32 damage)
             ... on level 2 of the Abyss.
             The game lasted 00:12:13 (5161 turns).

Copingsaw the Chopper (Formicid Fighter)            Turns: 5161, Time: 00:12:13

Health: -8/52      AC: 11    Str: 23    XL:     7   Next: 48%
Magic:  7/7        EV:  6    Int:  7    God:
Gold:   226        SH:  9    Dex: 10    Spells: 6/6 levels left

rFire    . . .     SeeInvis +   t - +4 whip (pain)
rCold    . . .     Gourm    +   c - +0 shield
rNeg     . . .     Faith    .   r - +0 chain mail
rPois    .         Spirit   .   (helmet unavailable)
rElec    .         Reflect  .   s - +1 cloak
rCorr    .         Harm     .   (no gloves)
MR       .....                  (no boots)
Stlth    ..........             u - amulet of the gourmand
HPRegen  0.17/turn              (no ring)
MPRegen  0.10/turn              (no ring)

@: no status effects
A: permanent stasis, dig shafts and tunnels, four strong arms, antennae 3
a: Dig, Shaft Self


You were on level 2 of the Abyss.
You were near starving.

You visited 1 branch of the dungeon, and saw 6 of its levels.
You visited the Abyss 1 time.

You collected 226 gold pieces.

Inventory:

Hand Weapons
 a - a +1 war axe
 b - a +0 hunting sling
 t - a +4 whip of pain (weapon)
Missiles
 e - 27 bolts
 g - 7 poisoned darts (quivered)
 k - 41 sling bullets
Armour
 c - a +0 shield (worn)
 r - a +0 chain mail (worn)
 s - a +1 cloak (worn)
Jewellery
 u - an amulet of the gourmand (around neck)
Wands
 A - a wand of iceblast (9)
Scrolls
 h - 5 scrolls of identify
 m - 4 scrolls of remove curse
 n - 2 scrolls of magic mapping
Potions
 d - a potion of might
 i - a potion of berserk rage {unknown}
 j - 3 potions of agility
 l - a potion of resistance {unknown}
 o - a potion of heal wounds
 p - a potion of curing {unknown}
 q - a potion of lignification {unknown}
 v - a potion of haste {unknown}
 x - 2 potions of magic {unknown}
Comestibles
 f - 7 rations


   Skills:
 - Level 3.5 Fighting
 + Level 5.5 Axes
 + Level 5.2 Slings
 - Level 3.4 Armour
 - Level 3.8 Shields


You had 6 spell levels left.
You didn't know any spells.
Your spell library contained the following spells:

 Spells                   Type           Power        Failure   Level  Hunger
 Animate Skeleton         Necr           N/A          100%        1    ##.....
 Pain                     Necr           #...         100%        1    ##.....
 Regeneration             Chrm/Necr      #.........   100%        3    ####...
 Vampiric Draining        Necr           #.........   100%        3    ####...
 Animate Dead             Necr           N/A          100%        4    #####..


Dungeon Overview and Level Annotations

Branches:
Dungeon (6/15)
 Temple: D:4-7

Altars:
Elyvilon
Sif Muna
Uskayaw
Xom
The Shining One


Innate Abilities, Weirdness & Mutations

You cannot be hasted, slowed, berserked, paralysed or teleported.
You can dig through walls and to a lower floor.
Your four strong arms can wield two-handed weapons with a shield.
You have a pair of large antennae on your head. (SInv)


Message History

You are near starving!
Found a scroll of blinking.
A neqoxec comes into view.
The neqoxec gestures.
Found a chain mail.
Found a scroll of identify and 13 arrows.
Found 26 gold pieces and 13 poisoned darts.
Found a sedimented purple potion, 19 bolts, 25 arrows and 19 gold pieces.
You start waiting.
The large abomination is too close now for your liking.
A large abomination is nearby!
You hit the large abomination but do no damage.
You hit the large abomination but do no damage.
The large abomination hits you!!
Ouch! That really hurt!
The neqoxec gestures.
Your shield prevents you from hitting the large abomination.
The large abomination hits you!!
Ouch! That really hurt!
You die...

#. ..##. # #
#. . # .
####.# ##3#
## #
##........ .#
##... .X#. #
#...##. .## #
... #......#
{#..## #####
# ##.#####@##
#
{{#?#..{#X###
# {
{#(#!.{.3##
#$. #####
(#(#{ { .
#$#{{ # .. .
{


You could see a large abomination and a neqoxec.

Vanquished Creatures
  A sky beast (D:5)
  A crimson imp (D:5)
  A hound (D:5)
  2 orc wizards (D:5)
  2 orc priests (D:5)
  Ijyb (D:3)
  A hound zombie (D:5)
  4 gnolls (D:3)
  5 adders
  A shadow imp (D:4)
  An ooze (D:1)
  2 worms
  4 dart slugs
  3 leopard geckos
  17 orcs
  13 bats
  8 giant cockroaches
  7 goblins
  7 hobgoblins
  A quokka (D:3)
  2 ball pythons
  4 frilled lizards
  A giant cockroach zombie (D:5)
  4 kobolds
  2 leopard gecko zombies (D:5)
  4 rats
99 creatures vanquished.

Notes
Turn   | Place    | Note
-------+----------+-------------------------------------------
     0 | D:1      | Copingsaw the Formicid Fighter began the quest for the Orb.
     0 | D:1      | Reached XP level 1. HP: 18/18 MP: 1/1
   312 | D:1      | Reached XP level 2. HP: 24/24 MP: 2/2
   590 | D:1      | Reached XP level 3. HP: 29/29 MP: 3/3
   824 | D:1      | Reached skill level 1 in Slings
  1029 | D:2      | Reached XP level 4. HP: 35/35 MP: 4/4
  1140 | D:2      | You fall into a shaft and drop 1 floor!
  1449 | D:3      | Found a shimmering altar of Xom.
  1583 | D:3      | Reached XP level 5. HP: 16/41 MP: 5/5
  2745 | D:3      | Noticed Ijyb
  2766 | D:3      | Killed Ijyb
  2979 | D:3      | Found a faded altar of an unknown god.
  3278 | D:4      | Found a white marble altar of Elyvilon.
  3395 | D:4      | Found a glowing golden altar of the Shining One.
  3507 | D:4      | Reached XP level 6. HP: 42/47 MP: 6/6
  3832 | D:4      | Found a shimmering blue altar of Sif Muna.
  3924 | D:5      | Entered Level 5 of the Dungeon
  4235 | D:5      | Noticed a sky beast
  4244 | D:5      | Reached skill level 5 in Axes
  4244 | D:5      | Reached XP level 7. HP: 16/52 MP: 7/7
  4256 | D:5      | Reached skill level 5 in Slings
  4465 | D:5      | Found a shimmering blue altar of Sif Muna.
  4476 | D:5      | Found a hide-covered altar of Uskayaw.
  5088 | D:6      | Cast into level 1 of the Abyss (orc)
  5088 | Abyss:1  | Found a corrupted altar of Lugonu.
  5113 | Abyss:2  | Noticed a neqoxec
  5127 | Abyss:2  | Noticed a large abomination
  5161 | Abyss:2  | Mangled by a large abomination

Levels and vault maps discovered:
D:1:      tarquinn_simple_flora_water_f, layout_basic
D:2:      layout_basic
D:3:      layout_basic, chequers_ecumenical_altar_lobes, kennysheep_flooded_box,
          chequers_mini_garden, uniq_ijyb
D:4:      layout_loops_ring, nicolae_tso_swordbearing_angel, lemuel_round_altar,
          first_ration, lemuel_blue_sif_altar
D:5:      layout_loops_corners, amethyst_overflow_temple_binary
D:6:      layout_loops_ring, fedhas_altar_4, minmay_temple_entry_glassed_door,
          enter_ossuary_1
Abyss:2:  hangedman_classic_abyss_death

Skill      XL: |  1  2  3  4  5  6  7 |
---------------+----------------------+-----
Slings         | 1 2 3 4 5 |  5.2
Axes           | 3 4 5 |  5.5
Fighting       | |  3.5
Armour         | |  3.4
Shields        | |  3.8

Action                   |  1- 3 |  4- 6 |  7- 9 || total
-------------------------+-------+-------+-------++-------
Melee: War axe           |   103 |   227 |    13 ||   343
       Whip              |       |       |    55 ||    55
 Fire: Hunting sling     |       |     4 |       ||     4
Throw: Dart              |       |     1 |       ||     1
  Use: Potion            |       |     1 |     1 ||     2
       Scroll            |       |    13 |       ||    13
  Eat: Chunk             |     1 |     6 |     2 ||     9
       Ration            |       |     1 |       ||     1
Armor: Scale mail        |    48 |    13 |       ||    61
       Chain mail        |       |   115 |    33 ||   148
Dodge: Dodged            |    31 |    67 |    13 ||   111
Block: Shield            |    56 |   137 |    25 ||   218
